 Dungeon Crawl Stone Soup version 0.22.1-2-g9c5b331 (webtiles) character file.

20164 Lilu the Destroyer (level 12, -7/73 HPs)
             Began as a Deep Elf Conjurer on Nov 13, 2018.
             Was an Elder of Vehumet.
             Mangled by a nine-headed hydra (13 damage)
             ... on level 11 of the Dungeon.
             The game lasted 01:35:31 (22476 turns).

Lilu the Destroyer (Deep Elf Conjurer)             Turns: 22476, Time: 01:35:32

Health: -7/73      AC: 12    Str: 10    XL:     12   Next: 42%
Magic:  20/27      EV: 15    Int: 26    God:    Vehumet [****..]
Gold:   472        SH: 18    Dex: 18    Spells: 3/29 levels left

rFire    + . .     SeeInvis .   U - +2 falchion "Utoypugi" {drain, rPois rC+ MR+}
rCold    + + .     Gourm    .   H - +4 large shield of the Camelopard {Dex+2}
rNeg     . . .     Faith    .   y - +1 robe {MR+}
rPois    +         Spirit   .   G - +2 helmet {Int+3}
rElec    .         Reflect  .   u - scarf {rC+ rF+}
rCorr    .         Harm     .   C - +0 pair of gloves {Str+3}
MR       +++..                  (no boots)
Stlth    ++........             J - amulet of magic regeneration
HPRegen  0.22/turn              V - +3 ring of slaying
MPRegen  0.45/turn              n - +5 ring of protection

@: no status effects
A: no striking features
a: Renounce Religion


You were on level 11 of the Dungeon.
You worshipped Vehumet.
Vehumet was greatly pleased with you.
You were not hungry.

You visited 3 branches of the dungeon, and saw 15 of its levels.
You visited 1 bazaar.

You collected 1056 gold pieces.
You spent 584 gold pieces at shops.

Inventory:

Hand Weapons
 U - the +2 falchion "Utoypugi" (weapon) {drain, rPois rC+ MR+}
   (You took it off an orc on level 12 of the Dungeon)

   A truly terrible weapon, it drains the life of those it strikes.
   It protects you from cold.
   It protects you from poison.
   It affects your resistance to hostile enchantments.
 Y - the +3 trident of War {drain, Str+2}
   (You found it on level 11 of the Dungeon)

   A truly terrible weapon, it drains the life of those it strikes.
   It affects your strength (+2).
Missiles
 E - a throwing net (quivered)
Armour
 a - a +0 troll leather armour
 u - a scarf of resistance (worn)
 y - a +1 robe of magic resistance (worn)
 A - a +1 robe of fire resistance
 C - a +0 pair of gloves of strength (worn)
 G - a +2 helmet of intelligence (worn)
 H - the +4 large shield of the Camelopard (worn) {Dex+2}
   (You found it on level 9 of the Dungeon)

   It affects your dexterity (+2).
Magical Staves
 W - an uncursed staff of cold
Jewellery
 b - an uncursed ring of positive energy
 m - an uncursed ring of positive energy
 n - a +5 ring of protection (right hand)
 x - an uncursed ring of flight
 I - an uncursed ring of ice
 J - an amulet of magic regeneration (around neck)
 K - an uncursed ring of wizardry
 R - an uncursed ring of fire
 V - a +3 ring of slaying (left hand)
Wands
 p - a wand of enslavement (13)
 L - a wand of clouds (7)
 M - a wand of disintegration (16)
 P - a wand of scattershot (4)
 S - a wand of digging (19)
Scrolls
 d - 15 scrolls of teleportation
 e - 5 scrolls of enchant armour
 g - a scroll of fog
 j - 7 scrolls of remove curse
 k - a scroll of immolation
 o - 3 scrolls of enchant weapon
 s - 6 scrolls of magic mapping
 B - 3 scrolls of blinking
 N - a scroll of amnesia {unknown}
 Q - 2 scrolls of fear {unknown}
Potions
 f - 6 potions of curing
 h - 6 potions of heal wounds
 i - a potion of ambrosia {unknown}
 l - a potion of invisibility {unknown}
 q - 2 potions of flight
 r - 5 potions of mutation
 v - 2 potions of might {unknown}
 w - 5 potions of brilliance
 z - 2 potions of lignification
 D - 2 potions of berserk rage
 F - a potion of cancellation {unknown}
 T - a potion of agility {unknown}
 Z - a potion of degeneration {unknown}
Miscellaneous
 t - a sack of spiders
 O - a lightning rod (4/4)
Comestibles
 c - 11 rations
 X - 2 chunks of flesh


   Skills:
 - Level 8.0 Fighting
 + Level 8.3 Dodging
 - Level 2.4 Stealth
 + Level 6.1 Shields
 + Level 9.2 Spellcasting
 - Level 12.0 Conjurations
 - Level 6.0 Hexes
 - Level 4.0 Translocations
 - Level 6.0 Fire Magic
 - Level 2.0 Air Magic
 * Level 2.6 Earth Magic
 - Level 4.0 Poison Magic


You had 3 spell levels left.
You knew the following spells:

 Your Spells              Type           Power        Failure   Level  Hunger
a - Magic Dart            Conj           ####         1%          1    None
b - Searing Ray           Conj           ######       1%          2    None
c - Iskenderun's Mystic   Conj           ######..     1%          4    #......
d - Fulminant Prism       Conj/Hex       ######....   4%          4    #......
e - Flame Tongue          Conj/Fire      #####        1%          1    None
f - Conjure Flame         Conj/Fire      ######..     1%          3    None
g - Mephitic Cloud        Conj/Pois/Air  #####...     4%          3    None
h - Blink                 Tloc           N/A          16%         2    None
i - Apportation           Tloc           ####..       11%         1    None
j - Bolt of Magma         Conj/Fire/Erth #####.....   24%         5    ####...

Your spell library contained the following spells:

 Spells                   Type           Power        Failure   Level  Hunger
 Shock                    Conj/Air       ####         1%          1    None
 Dazzling Spray           Conj/Hex       ######       1%          3    None
 Static Discharge         Conj/Air       #####...     2%          3    None
 Confusing Touch          Hex            #####.       4%          1    None
 Slow                     Hex            #####...     8%          2    None
 Poisonous Vapours        Pois/Air       ####..       24%         2    None
 Animate Skeleton         Necr           N/A          50%         1    None
 Summon Small Mammal      Summ           ##..         50%         1    None
 Swiftness                Chrm/Air       ###.....     50%         2    None
 Recall                   Summ/Tloc      N/A          58%         3    None
 Call Imp                 Summ           ##......     65%         2    None
 Force Lance              Conj/Tloc      ######..     5%          4    #......
 Lightning Bolt           Conj/Air       #####.....   22%         5    ####...
 Airstrike                Air            ###.......   50%         4    #......
 Freezing Cloud           Conj/Ice/Air   #####.....   95%         6    ######.
 Summon Mana Viper        Hex/Summ       ####....     99%         5    ####...
 Aura of Abjuration       Summ           ##........   100%        5    ####...
 Summon Demon             Summ           ##........   100%        5    ####...
 Summon Forest            Summ/Tloc      ###.......   100%        5    ####...
 Shadow Creatures         Summ           N/A          100%        6    ######.
 Ring of Flames           Chrm/Fire      ####......   100%        7    #######


Dungeon Overview and Level Annotations

Branches:
Dungeon (12/15)            Temple (1/1) D:4            Lair (2/6) D:11
    Orc (0/2) D:11
  Swamp: Lair:2-4    Shoals: Lair:2-4     Snake: Lair:2-4    Spider: Lair:2-4

Altars:
Ashenzari
Cheibriados
Dithmenos
Elyvilon
Fedhas
Gozag
Hepliaklqana
Kikubaaqudgha
Makhleb
Nemelex Xobeh
Okawaru
Qazlal
Ru
Sif Muna
Trog
Uskayaw
Vehumet
Wu Jian
Xom
Yredelemnul
Zin
The Shining One

Shops:
D:9 (

Annotations:
D:9 2 transporters
D:11 exclusion: 3 doors, Jaiteiro's ghost, novice GnFi


Message History

The nine-headed hydra bites you but does no damage.
You block the nine-headed hydra's attack. x2
The nine-headed hydra barely misses you.
You block the nine-headed hydra's attack.
The nine-headed hydra bites you!
You block the nine-headed hydra's attack.
The nine-headed hydra bites you.
Jaiteiro's ghost is engulfed in blazing flames.
The searing ray hits the nine-headed hydra.
The nine-headed hydra is severely wounded.
The nine-headed hydra is engulfed in blazing flames.
You block the nine-headed hydra's attack. x2
The nine-headed hydra bites you but does no damage.
You block the nine-headed hydra's attack.
The nine-headed hydra bites you!
* * * LOW HITPOINT WARNING * * *
The nine-headed hydra bites you!
* * * LOW HITPOINT WARNING * * *
The nine-headed hydra bites you!
You die...

............>.##########..#######
..............##### #..#######
....<........)##.##♣♣♣##.........
.................#..?.♣##........
###############..'.....♣#........
#..'..)..≈######### ##W'......
#D#D.(.≈#
################@##♣♣♣###########
..................#####..........
.................................
.............>..............#####
............................#
[...........................#
................."..........#####
.................................
.................................


You could see 2 nine-headed hydras and Jaiteiro's ghost.

Vanquished Creatures
  Josephine (D:11)
  A hydra (Lair:1)
  Erica (D:9)
  4 two-headed ogres
  An ogre mage (D:12)
  Nergalle (D:12)
  A manticore (D:10)
  An ugly thing (D:11)
  Joseph (D:9)
  A gargoyle (D:12)
  A komodo dragon (D:12)
  3 trolls (D:11)
  A blink frog (Lair:1)
  A meliai zombie (D:12)
  3 hippogriffs
  A wyvern (D:10)
  3 wraiths (D:11)
  6 yaks (D:12)
  Eustachio (D:6)
  A water elemental (D:11)
  A basilisk (Lair:1)
  2 vampire mosquitoes (D:12)
  2 hungry ghosts
  Menkaure (D:5)
  A water moccasin (Lair:1)
  A porcupine (Lair:1)
  2 ice beasts (D:7)
  A hornet zombie (D:7)
  An eye of draining (D:12)
  7 orc warriors
  5 black bears
  5 sky beasts
  2 phantoms
  6 ogres
  A necrophage (D:10)
  8 wolves
  8 centaurs
  2 big kobolds (D:6)
  8 bullfrogs
  A wyvern zombie (D:12)
  6 scorpions
  7 wights
  2 howler monkeys
  The ghost of yogakurto the Skirmisher, a weakling DEAK of Lugonu (D:3)
  3 electric eels (D:11)
  6 crimson imps
  A jelly (D:9)
  A quasit (D:9)
  2 bullfrog zombies
  4 centaur zombies
  9 hounds
  2 gnoll shamans
  12 orc priests
  3 bullfrog skeletons
  3 centaur skeletons
  7 iguanas
  Terence (D:3)
  10 orc wizards
  9 worker ants
  A hound zombie (D:8)
  A hound skeleton (D:11)
  A howler monkey zombie (D:10)
  2 worker ant zombies
  19 adders
  10 gnolls
  A howler monkey skeleton (D:10)
  A shadow imp (D:8)
  An adder zombie (D:9)
  2 worms
  2 dart slugs
  4 leopard geckos
  57 orcs
  3 bat zombies (D:8)
  7 giant cockroaches
  9 goblins
  11 hobgoblins
  2 jackals (D:4)
  3 quokkas
  3 ball pythons
  11 bats
  9 frilled lizards
  12 kobolds
  A leopard gecko skeleton (D:5)
  6 rats
  A rat zombie (D:8)
  A spectral orc (D:2)
369 creatures vanquished.

Vanquished Creatures (others)
  A sky beast (D:9)
  10 fulminant prisms
  2 plants (D:11)
13 creatures vanquished.

Grand Total: 382 creatures vanquished

Notes
Turn   | Place    | Note
-------+----------+-------------------------------------------
     0 | D:1      | Lilu the Deep Elf Conjurer began the quest for the Orb.
     0 | D:1      | Reached XP level 1. HP: 10/10 MP: 6/6
   231 | D:1      | Reached XP level 2. HP: 15/15 MP: 6/8
  1261 | D:2      | Reached XP level 3. HP: 15/19 MP: 2/10
  1568 | D:2      | Learned a level 2 spell: Searing Ray
  1696 | D:2      | Reached skill level 5 in Conjurations
  1780 | D:2      | Reached XP level 4. HP: 19/24 MP: 8/12
  2591 | D:2      | Found a basalt altar of Yredelemnul.
  2799 | D:3      | Noticed Terence
  2812 | D:3      | Killed Terence
  3111 | D:3      | Reached XP level 5. HP: 24/28 MP: 9/14
  3355 | D:3      | Reached skill level 5 in Spellcasting
  3701 | D:3      | You fall through a shaft!
  3757 | D:5      | Entered Level 5 of the Dungeon
  3806 | D:4      | Learned a level 4 spell: Iskenderun's Mystic Blast
  3811 | D:4      | Learned a level 4 spell: Fulminant Prism
  3997 | D:4      | Reached skill level 5 in Dodging
  3997 | D:4      | Reached XP level 6. HP: 19/32 MP: 7/16
  4203 | D:4      | Reached skill level 6 in Conjurations
  4443 | D:4      | Found a sparkling altar of Nemelex Xobeh.
  4454 | D:4      | Found an ornate altar of the Wu Jian Council.
  4972 | D:4      | Reached XP level 7. HP: 7/36 MP: 10/18
  5638 | D:4      | Found a staircase to the Ecumenical Temple.
  5738 | Temple   | Entered the Ecumenical Temple
  6306 | D:4      | Found a burning altar of Makhleb.
  7045 | D:3      | Reached skill level 7 in Conjurations
  7131 | D:3      | Found a runed door.
  7135 | D:3      | Noticed yogakurto's ghost (weakling DEAK)
  7150 | D:3      | Killed yogakurto's ghost
  7841 | D:5      | Noticed Menkaure
  8001 | D:5      | Reached XP level 8. HP: 34/41 MP: 16/21
  8553 | D:5      | Killed Menkaure
  8673 | D:6      | Noticed Eustachio
  8690 | D:6      | Reached skill level 1 in Hexes
  8694 | D:6      | Killed Eustachio
  8840 | D:6      | Reached skill level 8 in Conjurations
  9148 | D:6      | Found a snail-covered altar of Cheibriados.
  9148 | D:6      | Found a radiant altar of Vehumet.
  9149 | D:6      | Found a stormy altar of Qazlal.
  9160 | D:6      | Became a worshipper of Vehumet
  9305 | D:6      | Reached skill level 1 in Fighting
  9397 | D:6      | Found a blossoming altar of Fedhas.
  9474 | D:6      | Found an opulent altar of Gozag.
  9766 | D:7      | Reached XP level 9. HP: 33/48 MP: 14/23
 10048 | D:7      | Reached skill level 9 in Conjurations
 10473 | D:7      | Found a sparkling altar of Nemelex Xobeh.
 10942 | D:7      | Reached * piety under Vehumet
 10942 | D:7      | Offered knowledge of Flame Tongue by Vehumet.
 11054 | D:7      | Learned a level 1 spell: Flame Tongue
 11330 | D:7      | Reached skill level 1 in Fire Magic
 11406 | D:7      | Reached skill level 10 in Conjurations
 11511 | D:7      | Found a hazy altar of Hepliaklqana.
 12692 | D:8      | Reached XP level 10. HP: 58/58 MP: 18/24
 12829 | D:8      | Reached skill level 5 in Fighting
 13241 | D:8      | Learned a level 3 spell: Conjure Flame
 13245 | D:8      | Learned a level 3 spell: Mephitic Cloud
 13321 | D:8      | Learned a level 2 spell: Blink
 13377 | D:8      | Found a sacrificial altar of Ru.
 13661 | D:8      | Found an ancient bone altar of Kikubaaqudgha.
 13704 | D:9      | Offered knowledge of Sandblast by Vehumet.
 13766 | D:9      | Found Fireju's Antique Weapon Shop.
 13770 | D:9      | Got a smoking large shield
 13786 | D:9      | Identified the +4 large shield of the Camelopard {Dex+2}
                  | (You found it on level 9 of the Dungeon)
 13831 | D:9      | Noticed Joseph
 13883 | D:9      | Reached ** piety under Vehumet
 13941 | D:9      | Reached skill level 1 in Translocations
 13941 | D:9      | Reached skill level 1 in Poison Magic
 13996 | D:9      | Reached skill level 1 in Air Magic
 14633 | D:9      | Found a transporter.
 14886 | D:9      | Found a transporter.
 14896 | D:9      | Noticed Erica
 15366 | D:9      | Reached skill level 5 in Fire Magic
 15441 | D:9      | Reached skill level 1 in Shields
 15521 | D:9      | Killed Erica
 15680 | D:9      | Killed Joseph
 15680 | D:9      | Reached skill level 11 in Conjurations
 15750 | D:9      | Found a glowing silver altar of Zin.
 15787 | D:9      | Found a shattered altar of Ashenzari.
 16332 | D:10     | Entered Level 10 of the Dungeon
 16367 | D:10     | Found the +8 demon blade "Leech" {vamp, rN+ AC-3 EV-3}
 16469 | D:10     | Found a shimmering altar of Xom.
 16933 | D:10     | Noticed a two-headed ogre
 17062 | D:10     | Noticed a manticore
 17254 | D:10     | Killed a manticore
 17254 | D:10     | Reached XP level 11. HP: 41/64 MP: 6/25
 17568 | D:10     | Killed a two-headed ogre
 17568 | D:10     | Offered knowledge of Inner Flame by Vehumet.
 17901 | D:11     | Noticed a green ugly thing
 17919 | D:11     | Killed a green ugly thing
 18029 | D:11     | Learned a level 1 spell: Apportation
 18061 | D:11     | Found a flickering gateway to a bazaar.
 18068 | D:11     | Found a runed gate.
 18073 | D:11     | Got a translucent trident
 18117 | Bazaar   | Entered a bazaar
 18117 | Bazaar   | Found Aqiowkan's Armour Boutique.
 18117 | Bazaar   | Found Bade Vaw's Weapon Shop.
 18117 | Bazaar   | Found Zases's Armour Shop.
 18131 | Bazaar   | Bought a scarf of resistance for 288 gold pieces
 18131 | Bazaar   | Bought a +0 pair of gloves of strength for 103 gold pieces
 18131 | Bazaar   | Bought a +2 helmet of intelligence for 193 gold pieces
 18145 | D:11     | Found a runed gate.
 18145 | D:11     | Noticed Jaiteiro's ghost (novice GnFi)
 18146 | D:11     | Noticed a nine-headed hydra
 18147 | D:11     | Noticed a nine-headed hydra
 18148 | D:12     | Noticed a two-headed ogre
 18155 | D:11     | Found a runed gate.
 18311 | D:12     | Killed a two-headed ogre
 18363 | D:12     | Reached skill level 12 in Conjurations
 18545 | D:11     | Found a staircase to the Orcish Mines.
 18585 | D:12     | Reached *** piety under Vehumet
 19105 | D:12     | Identified the +3 trident of War {drain, Str+2} (You found
                  | it on level 11 of the Dungeon)
 19275 | D:11     | Noticed Josephine
 19428 | D:12     | Noticed a two-headed ogre
 19447 | D:12     | Killed a two-headed ogre
 19450 | D:12     | Noticed an ogre mage
 19450 | D:12     | Noticed a two-headed ogre
 19450 | D:12     | Noticed a two-headed ogre
 19616 | D:12     | Killed an ogre mage
 19616 | D:12     | Offered knowledge of Olgreb's Toxic Radiance by Vehumet.
 19686 | D:12     | Killed a two-headed ogre
 19686 | D:12     | Reached skill level 5 in Shields
 20045 | D:12     | Got a brightly glowing falchion {drain}
 20137 | D:12     | Identified the cursed +2 falchion "Utoypugi" {drain, rPois
                  | rC+ MR+} (You took it off an orc on level 12 of the
                  | Dungeon)
 20194 | D:12     | Reached XP level 12. HP: 69/73 MP: 26/26
 20218 | D:12     | Noticed Nergalle
 20230 | D:12     | Reached skill level 5 in Hexes
 20232 | D:12     | Killed Nergalle
 20305 | D:11     | Killed Josephine
 20305 | D:11     | Reached **** piety under Vehumet
 20770 | D:11     | Found a staircase to the Lair.
 20803 | D:11     | Offered knowledge of Bolt of Magma by Vehumet.
 21090 | D:11     | Learned a level 5 spell: Bolt of Magma
 21224 | Lair:1   | Entered Level 1 of the Lair of Beasts
 21242 | Lair:1   | Noticed an eight-headed hydra
 21290 | Lair:1   | Killed an eight-headed hydra
 21290 | Lair:1   | Reached skill level 1 in Earth Magic
 22476 | D:11     | Mangled by a nine-headed hydra

Skill      XL: |  1  2  3  4  5  6  7  8  9 10 11 12 |
---------------+-------------------------------------+-----
Dodging        | 3 4 5 6 8 |  8.3
Spellcasting   | 4 5 6 7 8 9 |  9.2
Conjurations   | 5 6 7 8 10 11 12 | 12.0
Hexes          | 4 6 |  6.0
Fighting       | 2 4 5 7 8 |  8.0
Fire Magic     | 3 6 |  6.0
Translocations | 3 4 |  4.0
Poison Magic   | 2 4 |  4.0
Air Magic      | 2 |  2.0
Shields        | 2 5 6 |  6.1
Earth Magic    | 2 |  2.6
Stealth        | |  2.4

Action                   |  1- 3 |  4- 6 |  7- 9 | 10-12 || total
-------------------------+-------+-------+-------+-------++-------
Melee: Dagger            |       |    53 |   142 |     6 ||   201
       Trident           |       |       |       |   166 ||   166
       Falchion          |       |       |       |    80 ||    80
 Fire: Hunting sling     |     7 |       |       |       ||     7
Throw: Javelin           |       |       |     1 |       ||     1
 Cast: Magic Dart        |    63 |    25 |    61 |   113 ||   262
       Searing Ray       |     1 |    17 |    77 |    76 ||   171
       Iskenderun's Myst |       |       |     7 |    81 ||    88
       Conjure Flame     |       |       |       |    26 ||    26
       Blink             |       |       |       |     6 ||     6
       Mephitic Cloud    |       |       |       |     2 ||     2
       Apportation       |       |       |       |     6 ||     6
       Fulminant Prism   |       |       |       |    10 ||    10
Evoke: Wand              |       |       |     1 |     2 ||     3
  Use: Scroll            |       |       |       |    22 ||    22
 Stab: Sleeping          |       |     1 |     5 |       ||     6
       Distracted        |       |       |       |     2 ||     2
       Confused          |       |       |       |     1 ||     1
  Eat: Chunk             |     2 |    10 |    17 |    26 ||    55
       Ration            |       |       |     2 |     4 ||     6
Armor: Robe              |     3 |    11 |    38 |    98 ||   150
       Leather armour    |       |       |     1 |       ||     1
Dodge: Dodged            |    11 |    61 |   205 |   211 ||   488
Block: Large shield      |       |       |       |   341 ||   341
       Rpst.: Falchion   |       |       |       |    10 ||    10
